Map: Acropolis LE

Players

Tassad - Winner!

  • Race: Protoss Protoss
  • League: Diamond
  • Spawn Location: 5:00

A.I. 1 (Very Easy)

  • Race: Zerg Zerg
  • Spawn Location: 11:00

VOD

Have the link to the VOD?

Description

Time

  • Played on: Sept. 1, 2019, 3:51 p.m.
  • Length: 13:41
Show
View Real Time Build Order
Export as new Build Order

Tassad Protoss - Winner!

Build Orders: 1 Gate Expand, Carriers 

Get SALT Encoding   

  12  0:01  Probe  
  13  0:13  Probe  
  14  0:21  Pylon  
  14  0:25  Probe  
  15  0:37  Probe  
  16  0:45  Probe  
  16  0:46  Gateway  
  17  0:50  Assimilator  
  17  0:53  Probe  
  18  1:05  Probe  
  19  1:17  Probe  
  20  1:29  Probe  
  20  1:32  Nexus  
  21  1:41  Cybernetics Core  
  21  1:48  Pylon  
  21  1:55  Probe, Assimilator  
  21  1:58  Zealot  
  22  2:04  Probe  
  25  2:12  Probe  
  26  2:25  Stargate  
  26  2:31  Gateway  
  26  2:41  Probe  
  26  2:42  Adept  
  26  2:44  Probe  
  29  2:49  Probe  
  30  2:56  Probe  
  30  2:58  Warp Gate, Probe  
  32  3:01  Void Ray  
  33  3:08  Probe  
  33  3:10  Probe  
  39  3:20  Probe  
  39  3:22  Probe  
  41  3:32  Probe  
  41  3:33  Pylon  
  42  3:34  Probe, Assimilator  
  42  3:37  Assimilator  
  43  3:44  Probe  
  43  3:47  Probe  
  45  3:52  Probe, Void Ray  
  49  3:59  Probe  
  49  4:00  Probe  
  51  4:07  Twilight Council  
  52  4:11  Probe x2  
  54  4:25  Pylon  
  54  4:31  Gateway  
  54  4:33  Void Ray  
  54  4:34  Gateway  
  54  4:39  Charge  
  54  4:43  Probe  
  59  4:48  Templar Archives  
  59  4:55  Probe  
  60  5:02  Nexus  
  60  5:06  Pylon  
  60  5:08  Probe  
  60  5:19  Psionic Storm  
  60  5:29  Fleet Beacon  
  60  5:39  Stargate, Probe  
  60  5:41  Probe  
  62  5:44  Void Ray  
  62  5:47  Probe  
  62  5:51  Forge  
  62  5:54  Probe  
  62  5:56  Probe  
  69  6:06  Probe  
  69  6:11  Pylon  
  70  6:13  Pylon  
  70  6:16  Protoss Air Weapons Level 1  
  70  6:17  Assimilator  
  70  6:18  High Templar  
  70  6:20  Assimilator  
  70  6:23  Carrier  
  72  6:29  Probe x2  
  72  6:30  Probe  
  81  6:41  Probe  
  81  6:42  Probe  
  83  6:47  High Templar  
  83  6:48  Zealot x2  
  83  6:53  Protoss Shields Level 1, Probe  
  90  6:58  Pylon  
  90  6:59  Pylon  
  90  7:01  Probe, Carrier  
  90  7:06  Probe  
  92  7:09  Probe  
  92  7:13  Photon Cannon  
  99  7:16  Zealot  
  99  7:18  Probe x2  
  103  7:25  Zealot x2  
  107  7:30  Probe x2  
  107  7:31  Carrier  
  115  7:42  Probe  
  116  7:50  Pylon  
  116  7:51  Pylon  
  116  7:54  Robotics Facility  
  116  8:03  Cybernetics Core  
  116  8:08  Carrier  
  122  8:18  Nexus  
  122  8:22  Pylon  
  122  8:23  Pylon  
  122  8:25  Pylon  
  122  8:27  Probe  
  122  8:28  Probe x2, Assimilator  
  122  8:33  Assimilator  
  125  8:35  Carrier  
  125  8:39  High Templar  
  125  8:40  Observer, Probe x2  
  135  8:41  High Templar, Protoss Air Weapons Level 2  
  138  8:52  Probe  
  138  8:54  Probe  
  140  8:57  Warp Prism  
  140  9:02  Photon Cannon  
  142  9:04  Photon Cannon, Probe  
  142  9:07  Carrier, Probe, Protoss Air Armor Level 1  
  150  9:19  Probe  
  151  9:25  Pylon  
  151  9:27  Pylon  
  151  9:29  Pylon  
  151  9:31  Pylon  
  151  9:33  Gateway  
  151  9:34  High Templar x3  
  151  9:36  Gateway, Carrier  
  157  9:38  Gateway  
  157  9:39  Archon x2  
  157  9:47  Gateway  
  157  9:49  Gateway  
  157  9:51  Protoss Shields Level 2, Gateway  
  157  9:53  Pylon  
  163  10:02  Carrier  
  163  10:05  High Templar  
  165  10:13  Zealot x3  
  177  10:22  Mothership  
  177  10:35  Stargate  
  177  10:41  High Templar  
  187  10:50  Zealot x6  
  187  10:54  Observer  
  200  11:15  Protoss Air Armor Level 2  
  200  11:33  Nexus  
  200  11:34  Pylon  
  200  11:36  Pylon  
  200  11:40  Assimilator  
  200  11:43  Assimilator  
  200  11:51  Robotics Facility  
  200  11:52  Stargate  
  200  11:53  Stargate  
Show
View Real Time Build Order
Export as new Build Order

A.I. 1 (Very Easy) Zerg 

Build Orders: Pool First 

Get SALT Encoding   

  12  0:00  Drone  
  13  0:12  Overlord  
  13  0:16  Drone  
  14  0:34  Spawning Pool  
  13  0:37  Drone  
  13  0:40  Extractor  
  13  0:44  Drone  
  14  0:52  Overlord  
  14  1:21  Zergling x2  
  14  1:22  Queen  
  17  1:30  Roach Warren  
  16  1:33  Drone  
  16  1:36  Zergling x2  
  18  1:44  Drone  
  19  1:50  Zergling x2  
  20  1:54  Drone  
  21  2:05  Drone  
  22  2:16  Drone  
  23  2:27  Drone  
  23  2:29  Overlord  
  24  2:34  Drone  
  25  5:03  Drone  
  25  5:04  Extractor  
  25  5:05  Lair  
  25  5:10  Drone  
  26  5:17  Drone  
  27  5:24  Drone  
  28  5:32  Drone  
  28  5:33  Overlord  
  29  5:39  Drone  
  29  5:42  Zergling x2  
  28  6:04  Overseer  
  28  6:05  Overseer  
  28  6:06  Spire  
  28  6:07  Drone  
  28  6:10  Zergling x2  
  29  6:29  Hatchery  
  29  6:30  Drone  
  29  7:20  Mutalisk  
  31  7:42  Drone  
  32  7:49  Drone  
  32  7:51  Extractor  
  32  7:56  Drone, Extractor  
  32  8:03  Drone  
  33  8:10  Drone  
  34  8:18  Drone  
  35  8:25  Drone  
  36  8:32  Drone  
  37  8:39  Drone  
  38  8:47  Drone  
  39  8:54  Drone  
  40  9:01  Drone  
  41  9:08  Drone  
  42  9:15  Drone  
  43  9:23  Drone  
  44  9:30  Drone  
  45  9:31  Overlord  
  45  9:37  Drone  
  45  9:38  Pneumatized Carapace  
  46  9:39  Overseer  
  46  9:49  Overlord  
  46  9:51  Infestation Pit, Drone  
  46  9:53  Hydralisk Den  
  46  9:59  Drone  
  46  10:11  Zergling x2  
  43  10:25  Overseer  
  43  10:29  Hive  
  43  10:36  Overlord, Overseer  
  43  10:41  Hydralisk  
  45  11:49  Ultralisk Cavern  
  45  11:50  Drone  
  45  12:38  Ultralisk  
  48  12:45  Overlord  
  47  12:56  Drone  
  32  13:03  Overlord, Drone  
  32  13:05  Overseer  
  26  13:06  Roach  
  26  13:11  Drone  
  29  13:19  Overlord  
  19  13:22  Drone  
Tags
 
Composition
Carriers
League
Diamond
Matchup
PvZ
Spawn Locations
Cross Positions
Add a new tag
Caveats
  • Supply blocks, unpowered buildings, or Contaminate may cause inaccurate times.
  • Supply counts are checked every 10 seconds.